% Time on Ice - TEXAS TOROS
Lines # - Real PCT - Wanted PCT - Time Play
Normal Forward
1 - 24% - 36% - 10:26
2 - 30% - 31% - 13:05
3 - 32% - 23% - 14:04
4 - 14% - 10% - 6:07
Normal Defense
1 - 35% - 36% - 15:07
2 - 29% - 31% - 12:33
3 - 35% - 23% - 15:08
4 - 2% - 10% - 0:54
PP Forward
1 - 64% - 55% - 5:07
2 - 36% - 45% - 2:53
PP Defense
1 - 58% - 55% - 4:37
2 - 42% - 45% - 3:23
PK Forward
1 - 55% - 55% - 3:04
2 - 45% - 45% - 2:29
PK Defense
1 - 48% - 55% - 2:40
2 - 52% - 45% - 2:53
PK3 Forward
1 - 0% - 55%
2 - 0% - 45%
PK3 Defense
1 - 0% - 55%
2 - 0% - 45%
44 Forward
1 - 78% - 55% - 2:09
2 - 22% - 45% - 0:36
44 Defense
1 - 62% - 55% - 1:42
2 - 38% - 45% - 1:03
Last Minute Offensive  - 0:00
Last Minute Defensive  - 0:00
Total
Forward - 60:00
Defense - 60:00
% Time on Ice - SPOKANE KNIGHTS
Lines # - Real PCT - Wanted PCT - Time Play
Normal Forward
1 - 37% - 32% - 16:06
2 - 31% - 32% - 13:42
3 - 29% - 29% - 12:40
4 - 3% - 7% - 1:14
Normal Defense
1 - 34% - 35% - 14:48
2 - 35% - 35% - 15:15
3 - 16% - 15% - 6:53
4 - 15% - 15% - 6:46
PP Forward
1 - 60% - 60% - 3:20
2 - 40% - 40% - 2:13
PP Defense
1 - 56% - 60% - 3:08
2 - 44% - 40% - 2:25
PK Forward
1 - 67% - 55% - 5:20
2 - 33% - 45% - 2:40
PK Defense
1 - 63% - 60% - 5:01
2 - 37% - 40% - 2:59
PK3 Forward
1 - 0% - 60%
2 - 0% - 40%
PK3 Defense
1 - 0% - 60%
2 - 0% - 40%
44 Forward
1 - 54% - 50% - 1:29
2 - 46% - 50% - 1:16
44 Defense
1 - 74% - 60% - 2:02
2 - 26% - 40% - 0:43
Last Minute Offensive  - 0:00
Last Minute Defensive  - 0:00
Total
Forward - 60:00
Defense - 60:00
Play-by-Play 1st period 0:01 of 1st period - Derek Stepan wins face-off versus Sebastian Aho in neutral zone. 0:01 of 1st period - Tyson Barrie is hit by Patrick Kane and loses puck. 0:02 of 1st period - Minor Penalty to Sebastian Aho for Roughing. 0:03 of 1st period - Phillip Danault wins face-off versus Derek Stepan in SPOKANE KNIGHTS zone. 0:09 of 1st period - Icing by Derek Stepan. 0:10 of 1st period - Derek Stepan wins face-off versus Phillip Danault in TEXAS TOROS zone. 1:57 of 1st period - Shot by Vincent Trocheck. 1:57 of 1st period - Goal by Vincent Trocheck - TEXAS TOROS : 0 - SPOKANE KNIGHTS : 1. 1:58 of 1st period - Derek Stepan wins face-off versus Mikael Backlund in neutral zone. 2:21 of 1st period - Shot by Sven Baertschi. 2:21 of 1st period - Stopped by Craig Anderson without a rebound. 2:22 of 1st period - Derek Stepan wins face-off versus Matthew Tkachuk in SPOKANE KNIGHTS zone. 2:25 of 1st period - Shot by Nikolaj Ehlers. 2:25 of 1st period - Shot Misses the Net. 2:46 of 1st period - Derek Stepan is hit by Kristopher Letang and loses puck. 2:55 of 1st period - Shot by Derek Stepan. 2:55 of 1st period - Stopped by Craig Anderson without a rebound. 2:56 of 1st period - Nick Cousins wins face-off versus Phillip Danault in SPOKANE KNIGHTS zone. 4:11 of 1st period - Off-side. 4:12 of 1st period - Derek Stepan wins face-off versus Mikael Backlund in neutral zone. 4:41 of 1st period - Nikolaj Ehlers is hit by Brooks Orpik and loses puck. 5:14 of 1st period - Icing by Victor Hedman. 5:15 of 1st period - Sebastian Aho wins face-off versus Johan Larsson in SPOKANE KNIGHTS zone. 5:20 of 1st period - Shot by Erik Gustafsson. 5:20 of 1st period - Stopped by Craig Anderson without a rebound. 5:21 of 1st period - Johan Larsson wins face-off versus Patrick Kane in SPOKANE KNIGHTS zone. 5:46 of 1st period - Shot by Nick Cousins. 5:46 of 1st period - Shot Misses the Net. 5:48 of 1st period - Shot by Erik Gustafsson. 5:48 of 1st period - Stopped by Craig Anderson with a rebound. 5:50 of 1st period - Shot by Jake Virtanen. 5:50 of 1st period - Stopped by Craig Anderson with a rebound. 5:52 of 1st period - Shot by Jake Virtanen. 5:52 of 1st period - Shot Misses the Net. 5:54 of 1st period - Shot by David Savard. 5:54 of 1st period - Shot Misses the Net. 5:56 of 1st period - Shot by Jake Virtanen. 5:56 of 1st period - Shot Blocked by Anton Stralman. 5:58 of 1st period - Shot by Jake Virtanen. 5:58 of 1st period - Shot Misses the Net. 6:00 of 1st period - Shot by Erik Gustafsson. 6:00 of 1st period - Shot Blocked by Anton Stralman. 6:02 of 1st period - Shot by David Savard. 6:02 of 1st period - Shot Blocked by Anton Stralman. 7:05 of 1st period - Shot by Nikolaj Ehlers. 7:05 of 1st period - Stopped by Craig Anderson without a rebound. 7:06 of 1st period - Phillip Danault wins face-off versus Derek Stepan in SPOKANE KNIGHTS zone. 7:10 of 1st period - Icing by Kristopher Letang. 7:11 of 1st period - Phillip Danault wins face-off versus Derek Stepan in SPOKANE KNIGHTS zone. 8:20 of 1st period - Erik Johnson is hit by Blake Wheeler and loses puck. 8:47 of 1st period - Shot by Mikael Backlund. 8:47 of 1st period - Shot Misses the Net. 8:49 of 1st period - Shot by Mikael Backlund. 8:49 of 1st period - Goal by Mikael Backlund - TEXAS TOROS : 0 - SPOKANE KNIGHTS : 2. 8:50 of 1st period - Riley Nash wins face-off versus Patrick Kane in neutral zone. 9:58 of 1st period - Minor Penalty to Vincent Trocheck for Tripping. 9:58 of 1st period - Minor Penalty to Riley Nash for Slashing. 9:59 of 1st period - Phillip Danault wins face-off versus Derek Stepan in neutral zone. 10:04 of 1st period - Shot by Blake Wheeler. 10:04 of 1st period - Stopped by Cory Schneider without a rebound. 10:05 of 1st period - Derek Stepan wins face-off versus Phillip Danault in TEXAS TOROS zone. 11:27 of 1st period - Shot by Tomas Hertl. 11:27 of 1st period - Deflect By Sebastian Aho. 11:27 of 1st period - Shot Misses the Net. 11:33 of 1st period - Shot by David Savard. 11:33 of 1st period - Stopped by Craig Anderson with a rebound. 11:35 of 1st period - Shot by Johan Larsson. 11:35 of 1st period - Stopped by Craig Anderson without a rebound. 11:36 of 1st period - Brock McGinn wins face-off versus Phillip Danault in SPOKANE KNIGHTS zone. 11:45 of 1st period - Shot by Johan Larsson. 11:45 of 1st period - Deflect By Brock McGinn. 11:45 of 1st period - Shot Misses the Net. 12:27 of 1st period - Shot by Alex Tuch. 12:27 of 1st period - Stopped by Cory Schneider with a rebound. 12:51 of 1st period - Shot by Sebastian Aho. 12:51 of 1st period - Stopped by Cory Schneider without a rebound. 12:52 of 1st period - Mikael Backlund wins face-off versus Derek Stepan in TEXAS TOROS zone. 12:52 of 1st period - Minor Penalty to Erik Johnson for Holding. 12:53 of 1st period - Derek Stepan wins face-off versus Sebastian Aho in TEXAS TOROS zone. 13:14 of 1st period - Shot by Blake Wheeler. 13:14 of 1st period - Goal by Blake Wheeler - TEXAS TOROS : 0 - SPOKANE KNIGHTS : 3. 13:15 of 1st period - Johan Larsson wins face-off versus Phillip Danault in neutral zone. 13:24 of 1st period - Shot by Nick Cousins. 13:24 of 1st period - Shot Misses the Net. 13:34 of 1st period - Shot by Jake Virtanen. 13:34 of 1st period - Shot Misses the Net. 13:48 of 1st period - Minor Penalty to Kristopher Letang for Tripping. 13:49 of 1st period - Phillip Danault wins face-off versus Derek Stepan in SPOKANE KNIGHTS zone. 14:10 of 1st period - Shot by Erik Gustafsson. 14:10 of 1st period - Stopped by Craig Anderson with a rebound. 14:26 of 1st period - Shot by Brock McGinn. 14:26 of 1st period - Stopped by Craig Anderson without a rebound. 14:27 of 1st period - Johan Larsson wins face-off versus Mikael Backlund in SPOKANE KNIGHTS zone. 14:36 of 1st period - Shot by Tyson Barrie. 14:36 of 1st period - Shot Misses the Net. 14:38 of 1st period - Shot by Erik Johnson. 14:38 of 1st period - Goal by Erik Johnson - TEXAS TOROS : 1 - SPOKANE KNIGHTS : 3. 14:39 of 1st period - Mikael Backlund wins face-off versus Riley Nash in neutral zone. 14:51 of 1st period - Shot by Kristopher Letang. 14:51 of 1st period - Shot Hit the Post. 14:57 of 1st period - Shot by Matthew Tkachuk. 14:57 of 1st period - Deflect By Blake Wheeler. 14:57 of 1st period - Stopped by Cory Schneider without a rebound. 14:58 of 1st period - Sebastian Aho wins face-off versus Nikolaj Ehlers in TEXAS TOROS zone. 15:23 of 1st period - Shot by Sebastian Aho. 15:23 of 1st period - Stopped by Cory Schneider without a rebound. 15:24 of 1st period - Nick Cousins wins face-off versus Mikael Backlund in TEXAS TOROS zone. 15:39 of 1st period - Shot by Nick Cousins. 15:39 of 1st period - Shot Misses the Net. 16:29 of 1st period - Shot by Vincent Trocheck. 16:29 of 1st period - Stopped by Cory Schneider without a rebound. 16:30 of 1st period - Vincent Trocheck wins face-off versus Riley Nash in TEXAS TOROS zone. 17:44 of 1st period - Icing by Dmitry Kulikov. 17:45 of 1st period - Mikael Backlund wins face-off versus Riley Nash in TEXAS TOROS zone. 17:52 of 1st period - Shot by Matthew Tkachuk. 17:52 of 1st period - Shot Misses the Net. 18:15 of 1st period - Shot by Blake Wheeler. 18:15 of 1st period - Stopped by Cory Schneider without a rebound. 18:16 of 1st period - Derek Stepan wins face-off versus Sebastian Aho in TEXAS TOROS zone. 18:16 of 1st period - Derek Stepan is hit by Tomas Hertl. 18:19 of 1st period - Minor Penalty to Sebastian Aho for Slashing. 18:20 of 1st period - Phillip Danault wins face-off versus Derek Stepan in SPOKANE KNIGHTS zone. 19:32 of 1st period - Minor Penalty to Johan Larsson for Holding. 19:33 of 1st period - Derek Stepan wins face-off versus Blake Wheeler in TEXAS TOROS zone. Goals for this period are 1 for TEXAS TOROS vs 3 for SPOKANE KNIGHTS. Shots for this period are 11 for TEXAS TOROS vs 10 for SPOKANE KNIGHTS. 2nd period 0:01 of 2nd period - Vincent Trocheck wins face-off versus Derek Stepan in neutral zone. 0:40 of 2nd period - Shot by Kristopher Letang. 0:40 of 2nd period - Shot Misses the Net. 0:42 of 2nd period - Shot by Matthew Tkachuk. 0:42 of 2nd period - Shot Misses the Net. 0:48 of 2nd period - Shot by Kristopher Letang. 0:48 of 2nd period - Shot Misses the Net. 0:50 of 2nd period - Shot by Sebastian Aho. 0:50 of 2nd period - Shot Blocked by Nikolaj Ehlers. 0:52 of 2nd period - Shot by Blake Wheeler. 0:52 of 2nd period - Shot Misses the Net. 1:18 of 2nd period - Shot by Victor Hedman.